 Dungeon Crawl Stone Soup version 0.31-a0-845-g9abc20d24f (webtiles) character file.

Game seed: 11710392185390076132

83 Kurtz the Chopper (level 4, -1/34 HPs)
             Began as an Octopode Fighter on Oct 2, 2023.
             Slain by Ijyb
             ... wielding a +4 dagger of speed
              (3 damage)
             ... on level 3 of the Dungeon.
             The game lasted 00:01:07 (1364 turns).

Kurtz the Chopper (Octopode Fighter)                Turns: 1364, Time: 00:01:07

Health: -1/34      AC:  1    Str: 15    XL:     4   Next: 44%
Magic:  4/4        EV:  7    Int: 10    God:
Gold:   109        SH: 12    Dex: 13    Spells: 3/3 levels left

rFire   . . .        a - +0 war axe
rCold   . . .        k - +0 tower shield
rNeg    . . .        (helmet restricted)
rPois   .            (no amulet)
rElec   .            j - ring of flight
rCorr   .            (no ring)
SInv    .            (no ring)
Will    .....        (no ring)
Stlth   ++           (no ring)
HPRegen 0.25/turn    (no ring)
MPRegen 0.09/turn    (no ring)
                     (no ring)

%: random rage (3%)
@: grasped by roots, flying, constricted
A: almost no armour, amphibious, 8 rings, camouflage 1, gelatinous body 1,
(nimble swimmer 1), tentacles, berserk 1, robust 1
a: no special abilities


You were on level 3 of the Dungeon.
You visited 1 branch of the dungeon, and saw 3 of its levels.

You collected 109 gold pieces.

Inventory:

Hand Weapons
 a - a +0 war axe (weapon)
 m - a +1 flail of holy wrath
Armour
 b - a +0 buckler
 k - a +0 tower shield (worn)
Jewellery
 i - an amulet of magic regeneration
 j - a ring of flight (left tentacle)
Scrolls
 d - a scroll of identify {unknown}
 e - 2 scrolls of teleportation {unknown}
 h - 3 scrolls of fear {unknown}
 n - a scroll of torment {unknown}
Potions
 c - a potion of might
 g - a potion of berserk rage {unknown}
 l - a potion of attraction {unknown}


   Skills:
 - Level 3.0 Fighting
 - Level 3.8 Axes
 - Level 3.0 Dodging
 * Level 3.8 Shields


You had 3 spell levels left.
You didn't know any spells.
Your spell library contained the following spells:

 Spells                   Type           Power      Damage    Failure   Level
 Ensorcelled Hibernation  Hex/Ice        0%         N/A       100%        2
 Jinxbite                 Hex            0%         N/A       100%        2
 Ozocubu's Armour         Ice            0%         N/A       100%        3
 Anguish                  Hex/Necr       0%         N/A       100%        4
 Ozocubu's Refrigeration  Ice            0%         4d7       100%        7


Dungeon Overview and Level Annotations

Branches:
Dungeon (3/15)

Altars:

Annotations:
D:3 Ijyb


Innate Abilities, Weirdness & Mutations

You cannot wear most types of armour.
You are amphibious.
You can wear up to eight rings at the same time.
Your skin changes colour to match your surroundings (Stealth+).
Your rubbery body absorbs attacks. (AC +1, EV +1)
((You are camouflaged when in or above water. (Stealth+)))
You have tentacles for arms and can constrict up to eight enemies at once.
You sometimes lose your temper in combat.
You are robust. (+10% HP)


Message History

A ball python comes into view.
A ball python is nearby!
Ijyb the Twisted Goblin comes into view.
She is wielding a +4 dagger of speed and carrying a wand of roots.
There are monsters nearby!
Found a scroll labelled DEMUOT DIURAR.
A goblin comes into view. It is wielding a +0 club.
The ball python bites you. The ball python grabs you.
The ball python constricts you.
You slash the ball python!
You kill the ball python!
The helpless goblin fails to defend itself.
You slash the goblin!
You kill the goblin!
Found a scroll labelled MINGAI REGG.
You block Ijyb's attack.
Ijyb zaps a wand.
The roots erupt in riotous growth!
The grasping roots grab you!
Ijyb is unaffected.
The grasping roots constrict you.
You hit Ijyb. Your grab misses Ijyb.
Ijyb is lightly wounded.
You block Ijyb's attack. The grasping roots constrict you.
Ijyb hits you with a +4 dagger of speed.
The grasping roots constrict you.
You are too injured to fight recklessly!
Unknown command.
You are too injured to fight recklessly!
You are too injured to fight recklessly!
Unknown command.
You hit Ijyb. Your grab misses Ijyb.
Ijyb is moderately wounded.
You block Ijyb's attack. The grasping roots constrict you.
* * * LOW HITPOINT WARNING * * *
Ijyb hits you with a +4 dagger of speed.
* * * LOW HITPOINT WARNING * * *
The grasping roots constrict you.
* * * LOW HITPOINT WARNING * * *
Okay, then.
It was a potion of mutation.
You feel extremely strange.
You feel a little pissed off.
You feel robust.
Ijyb hits you with a +4 dagger of speed.
You die...

#####+####.#.##......#
.........#...##...)..#
?........##..##......#
....?....+....+......+
........)##..##(.....#
......g@.##).........##
#........###.##.......#
#.....................#
#.......###...###.....##
#.......# #...# #.....'.
#######.# #...# #.....#.
#...............##
#................+
#............#####


You could see Ijyb.

Vanquished Creatures
  3 gnolls (D:3)
  A worm (D:2)
  2 dart slugs (D:2)
  4 orcs (D:3)
  5 ball pythons
  3 bats (D:1)
  2 endoplasms
  4 giant cockroaches
  5 goblins
  A hobgoblin (D:2)
  4 quokkas
  2 frilled lizards
  5 kobolds
  2 rats
43 creatures vanquished.

Notes
Turn   | Place    | Note
-------+----------+-------------------------------------------
     0 | D:1      | Kurtz the Octopode Fighter began the quest for the Orb.
     0 | D:1      | Reached XP level 1. HP: 16/16 MP: 1/1
   140 | D:1      | Reached XP level 2. HP: 21/21 MP: 2/2
   621 | D:2      | Reached XP level 3. HP: 17/26 MP: 3/3
   798 | D:2      | Found a faded altar of an unknown god.
  1204 | D:3      | Reached XP level 4. HP: 31/31 MP: 4/4
  1353 | D:3      | Noticed Ijyb
  1364 | D:3      | Gained mutation: You sometimes lose your temper in combat.
                  | [potion of mutation]
  1364 | D:3      | Gained mutation: You are robust. (+10% HP) [potion of
                  | mutation]
  1364 | D:3      | Slain by Ijyb

Illustrated notes

Levels and vault maps discovered:
D:1:      tarquinn_simple_flora_water_d, layout_rooms
D:2:      layout_loops_ring, ebering_ecumenical_altar_hall
D:3:      layout_basic, serial_park_tiny_pond, minmay_misc_feat_cross,
          uniq_robin, uniq_ijyb, uniq_crazy_yiuf_cottage

Skill      XL: |  1  2 |
---------------+-------+-----
Axes           | 3 |  3.8
Fighting       | |  3.0
Dodging        | |  3.0
Shields        | |  3.8

Action                     |  1- 3 |  4- 6 || total
---------------------------+-------+-------++-------
  Melee: War axe           |    83 |     8 ||    91
         Constrict         |    22 |     2 ||    24
         Tentacles         |    14 |     1 ||    15
         Punch             |     1 |       ||     1
    Use: Potion            |       |     1 ||     1
   Stab: Sleeping          |     7 |     1 ||     8
 Armour: Skin              |    27 |     7 ||    34
  Dodge: Dodged            |    57 |     1 ||    58
  Block: Buckler           |     9 |       ||     9
         Tower shield      |    12 |     4 ||    16

Table legend: (Time is in decaauts)
 A = Elapsed time spent in this place.
 B = Non-inter-level travel time spent in this place.
 C = Inter-level travel time spent in this place.
 D = Time resting spent in this place.
 E = Time spent auto-exploring this place.
 F = Levels seen in this place.
 G = Mean time per level.
                   A        B        C        D        E       F      G
               +--------+--------+--------+--------+--------+-----+--------+
         Total |   1406 |   1287 |    119 |     44 |    920 |   3 |  468.7 |
       Dungeon |   1406 |   1287 |    119 |     44 |    920 |   3 |  468.7 |
               +--------+--------+--------+--------+--------+-----+--------+

Top non-repeatable levels by time:
     D:1: 561 daAuts
     D:2: 496 daAuts
     D:3: 348 daAuts
